 Dungeon Crawl Stone Soup version 0.27.0-1-g7a089689b8 (webtiles) character file.

Game seed: 7277504687572467292

116 MajorAdolf the Covered (level 5, 0/49 HPs)
             Began as a Naga Wanderer on Aug 13, 2021.
             Slain by an orc (4 damage)
             ... on level 3 of the Dungeon.
             The game lasted 00:04:03 (2955 turns).

MajorAdolf the Covered (Naga Wanderer)              Turns: 2955, Time: 00:04:04

Health: 0/49       AC:  7    Str: 17    XL:     5   Next: 0%
Magic:  5/5        EV:  7    Int: 11    God:
Gold:   120        SH:  0    Dex: 10    Spells: 4/4 levels left

rFire    . . .     SeeInvis +   d - +0 mace
rCold    . . .     Faith    .   (no shield)
rNeg     . . .     Spirit   .   b - +2 scale mail
rPois    +         Reflect  .   (no helmet)
rElec    .         Harm     .   (no cloak)
rCorr    .         Rampage  .   (no gloves)
Will     .....                  (no barding)
Stlth    ..........             (no amulet)
HPRegen  0.16/turn              (no ring)
MPRegen  0.09/turn              (no ring)

@: very slow
A: AC +1, large, see invisible, deformed body, poison resistance, slowness 2,
spit poison 1, naga tail 1
a: Spit Poison


You were on level 3 of the Dungeon.
You visited 1 branch of the dungeon, and saw 3 of its levels.

You collected 120 gold pieces.

Inventory:

Hand Weapons
 a - a +0 shortbow
 d - a +0 mace (weapon)
Missiles
 c - 83 arrows
 e - 14 poisoned darts
 l - 39 sling bullets
Armour
 b - a +2 scale mail (worn)
Jewellery
 m - a ring of fire
Scrolls
 f - a scroll of enchant armour {unknown}
 g - 2 scrolls of noise {unknown}
 h - a scroll of immolation {unknown}
 j - 2 scrolls of enchant weapon {unknown}
 k - a scroll of teleportation {unknown}
 n - 2 scrolls of magic mapping {unknown}
 o - a scroll of acquirement {unknown}
 r - a scroll of blinking {unknown}
Potions
 q - 2 potions of lignification {unknown}
 s - a potion of might {unknown}


   Skills:
 + Level 3.0 Fighting
 - Level 3.0 Maces & Flails
 - Level 1.0 Bows
 - Level 1.0 Throwing
 + Level 3.4 Armour
 + Level 0.8 Dodging
 - Level 1.5 Stealth


You had 4 spell levels left.
You didn't know any spells.
Your spell library contained the following spells:

 Spells                   Type           Power      Damage    Failure   Level
 Animate Skeleton         Necr           0%         N/A       75%         1
 Apportation              Tloc           0%         N/A       75%         1
 Corona                   Hex            0%         N/A       75%         1
 Summon Small Mammal      Summ           0%         N/A       75%         1
 Ozocubu's Armour         Ice            0%         N/A       98%         3
 Metabolic Englaciation   Hex/Ice        0%         N/A       100%        5
 Simulacrum               Ice/Necr       0%         N/A       100%        6


Dungeon Overview and Level Annotations

Branches:
Dungeon (3/15)

Altars:

Annotations:
D:3 2 transporters, Skimidon's ghost, amateur GnIE


Innate Abilities, Weirdness & Mutations

Your serpentine skin is tough. (AC +1)
You have supernaturally acute eyesight. (SInv)
Armour fits poorly on your strangely shaped body.
Your system is resistant to poisons. (rPois)
You cover ground very slowly.
You can spit poison.
You have a snake-like lower body.


Message History

You closely miss the orc. The orc hits you with a +0 hand axe.
The orc closely misses you.
You barely miss the orc. The orc hits you with a +0 hand axe.
* * * LOW HITPOINT WARNING * * *
Press: ? - help, Shift-Dir - straight line, f - orc
Aim: an orc, wielding a +0 hand axe and wearing a +0 leather armour The splash of poison hits the orc.
The orc is poisoned.
The orc is almost dead.
You kill the orc!
Unknown command.
You barely miss the orc. The orc hits you with a +0 whip.
* * * LOW HITPOINT WARNING * * *
The orc hits you with a +0 whip.
* * * LOW HITPOINT WARNING * * *
You barely miss the orc. The orc completely misses you.
Unknown command.
You have got your breath back.
The orc hits you with a +0 whip.
* * * LOW HITPOINT WARNING * * *
Press: ? - help, Shift-Dir - straight line, f - orc
Aim: an orc, wielding a +0 whip and wearing a +0 ring mail The splash of poison hits the orc.
The orc is poisoned.
The orc is moderately wounded.
The orc barely misses you.
Unknown command.
The orc hits you but does no damage.
You kill the orc!
You have reached level 5!
You have got your breath back.
The orc hits you with a +0 short sword.
* * * LOW HITPOINT WARNING * * *
Press: ? - help, Shift-Dir - straight line, f - orc
Aim: an orc, wielding a +0 short sword and wearing a +0 leather armour The splash of poison misses the orc.
The orc hits you but does no damage.
Unknown command.
The orc hits you with a +0 short sword.
* * * LOW HITPOINT WARNING * * *
You have got your breath back.
The orc hits you with a +0 short sword.
You die...

#......##.#..##!##.
#..######.#...#...
. ###..#
#.#.#.##..# ###
.....#
#.#.#..####.©.#
######
###.##......... #
##8## #.##.......#
##8...8
#.##<#######
##..... #.##.#
#>..... #.##@#
##..... ####o#
##8...8 #.# # ##8##
#.# ### ## #.# #.#
#.# #.##
#########.# ...#
#[...)....# ##.#
#.######........


You could see an orc.

Vanquished Creatures
  An orc priest (D:3)
  3 adders
  2 worms
  4 dart slugs
  3 orcs (D:3)
  3 bats
  2 endoplasms (D:2)
  4 giant cockroaches
  4 goblins
  A hobgoblin (D:2)
  2 jackals (D:2)
  3 quokkas
  4 ball pythons
  5 frilled lizards
  2 rats (D:2)
43 creatures vanquished.

Notes
Turn   | Place    | Note
-------+----------+-------------------------------------------
     0 | D:1      | MajorAdolf the Naga Wanderer began the quest for the Orb.
     0 | D:1      | MajorAdolf set off with the following items: a +0 shortbow,
                  | a +2 scale mail, 23 arrows, a +0 mace
     0 | D:1      | Reached XP level 1. HP: 19/19 MP: 1/1
   353 | D:1      | Reached XP level 2. HP: 26/26 MP: 2/2
   755 | D:1      | Found a faded altar of an unknown god.
  1243 | D:1      | Reached XP level 3. HP: 32/33 MP: 3/3
  1870 | D:3      | Found a transporter.
  2483 | D:3      | Found a transporter.
  2516 | D:3      | Noticed Skimidon's ghost (amateur GnIE)
  2537 | D:3      | Reached XP level 4. HP: 40/40 MP: 4/4
  2919 | D:3      | HP: 2/40 [orc (2)]
  2947 | D:3      | Reached XP level 5. HP: 9/49 MP: 5/5
  2955 | D:3      | Slain by an orc

Illustrated notes

Levels and vault maps discovered:
D:1:      dpeg_arrival_tiny_c, layout_basic,
          hellmonk_ecumenical_altar_crossroads, st_stairs_13
D:2:      layout_loops_ring, grunt_decor_arrowhead, grunt_ministairs_9,
          kennysheep_generic_room_10
D:3:      layout_loops_ring, nicolae_overflow_hidden_temple,
          gammafunk_ghost_stat_death

Skill      XL: |  1  2  3  4 |
---------------+-------------+-----
Armour         | 2 3 |  3.4
Fighting       | 3 |  3.0
Maces & Flails | |  3.0
Bows           | |  1.0
Throwing       | |  1.0
Dodging        | |  0.8
Stealth        | |  1.5

Action                   |  1- 3 |  4- 6 || total
-------------------------+-------+-------++-------
Melee: Mace              |    87 |    43 ||   130
 Abil: Spit Poison       |     8 |     8 ||    16
  Use: Potion            |       |     2 ||     2
Armor: Scale mail        |    50 |    34 ||    84
Dodge: Dodged            |    37 |    28 ||    65
